Rocket vs Sound Tigers

Created - February 27, 2022 at 19:39

Goals
1 2 3 T
Rocket 2 1 0 3
Sound Tigers 3 1 2 6
Shots
1 2 3 T
Rocket 6 14 7 27
Sound Tigers 20 11 4 35

1st period

1. Sound Tigers , Ryan Hartman 12 (Pavel Kraskovsky 16, Connor Murphy 22) at 6:13
2. Rocket , Mattias Tedenby 17 (Dean Kukan 4, Peter Holland 16) at 10:41
3. Rocket , Mattias Tedenby 18 (Brandon Pirri 16, Peter Holland 17) at 12:09
4. Sound Tigers , James Sheppard 20 (Joe Labate 2, Scott Glennie 5) at 13:33
5. Sound Tigers , Alex Tuch 7 (Borna Rendulic 25, Connor Murphy 23) at 18:47

Penalties :
No Penalty

2nd period

6. Sound Tigers , Ryan Hartman 13 (Borna Rendulic 26, Dylan McIlrath 17) at 3:37 (PP)
7. Rocket , Danton Heinen 18 (Dean Kukan 5) at 7:46

Penalties :
Jakub Vrana (Lav) for Tripping (Minor) at 3:24, Adrian Kempe (Lav) for Interference (Minor) at 10:51

3rd period

8. Sound Tigers , James Sheppard 21 (Joe Labate 3, Julian Melchiori 19) at 13:30
9. Sound Tigers , Scott Glennie 9 (Joe Labate 4, James Sheppard 23) at 14:23

Penalties :
Borna Rendulic (BRI) for Diving (Minor) at 0:22, Adam Fox (Lav) for Charging (Minor) at 3:40, Kole Sherwood (Lav) for High sticking (Minor) at 6:16, Dylan McIlrath (BRI) for Hooking (Minor) at 11:01, Borna Rendulic (BRI) for Interference (Minor) at 14:28

Goalie Stats

Igor Shesterkin (Lav), 29 saves from 35 shots - (0.829), L, 11-7-1, 60:00 minutes
Pavel Francouz (BRI), 24 saves from 27 shots - (0.889), W, 17-11-2, 60:00 minutes

Players Stats for Rocket

Player Name              G  A  P  +/- PIM S  H  SB GA TA FO     MP     PP MP  PK MP  
------------------------------------------------------------------------------------
Adam Fox                 0  0  0  -1  2   2  3  4  0  0  0/0    23:34   2:22   1:41 
Adrian Kempe             0  0  0  -1  2   5  2  0  1  1  0/2    21:35   3:10   0:54 
Andrei Mironov           0  0  0  -3  0   1  2  1  0  1  0/0    24:51   3:22   3:35 
Andrey Pedan             0  0  0  -2  0   0  2  0  0  1  0/0    20:37   2:18   3:08 
Brandon Pirri            0  1  1   0  0   0  1  1  1  1  0/1    18:00   2:47   0:19 
Corey Trivino            0  0  0  -1  0   0  1  0  0  0  12/24  21:08   3:10   1:20 
Danton Heinen            1  0  1  -1  0   3  4  0  0  0  2/2    19:07   3:05   0:00 
Dean Kukan               0  2  2   2  0   1  2  1  0  0  0/0    23:54   0:49   1:21 
Dominic Turgeon          0  0  0   0  0   0  1  1  0  0  4/10   12:46   0:00   3:12 
Dylan DeMelo             0  0  0   0  0   0  0  0  0  0  0/0     1:00   0:00   0:00 
Jakub Vrana              0  0  0   0  2   2  1  0  0  0  0/0    11:34   0:00   1:57 
Karson Kuhlman           0  0  0  -2  0   0  3  0  0  0  0/2     9:22   0:00   1:38 
Kole Sherwood            0  0  0  -2  2   1  2  0  0  0  0/0     7:42   0:00   0:00 
Mattias Tedenby          2  0  2   1  0   7  1  0  1  1  0/1    17:21   2:47   0:00 
Peter Holland            0  2  2   1  0   2  1  0  1  0  5/10   17:09   2:47   0:00 
Sergey Tolchinsky        0  0  0  -2  0   1  1  1  0  0  1/1     7:40   0:00   0:00 
Ty Rattie                0  0  0   0  0   2  4  0  0  1  0/1    12:49   0:05   3:02 
Viktor Loov              0  0  0   1  0   0  2  2  0  1  0/0    23:37   3:03   2:33 

Players Stats for Sound Tigers

Player Name              G  A  P  +/- PIM S  H  SB GA TA FO     MP     PP MP  PK MP  
------------------------------------------------------------------------------------
Alex Tuch                1  0  1  -1  0   1  3  1  1  0  0/0    21:34   3:22   2:50 
Alexander Yelesin        0  0  0   0  0   1  0  0  0  0  0/0    14:12   0:00   1:05 
Ben Thomson              0  0  0   1  0   0  0  1  0  0  0/1     9:43   0:47   1:50 
Borna Rendulic           0  2  2  -1  4   2  3  0  0  0  1/2    19:16   2:56   0:00 
Connor Murphy            0  2  2   0  0   5  0  1  2  1  0/0    26:34   2:50   3:30 
Dylan McIlrath           0  1  1   0  2   2  1  0  0  0  0/0    24:41   3:22   2:16 
Gabriel Carlsson         0  0  0   0  0   2  0  1  0  0  0/0    12:16   0:32   0:00 
Garret Ross              0  0  0   0  0   2  3  0  0  0  0/0    12:35   0:00   1:17 
James Sheppard           2  1  3   2  0   8  1  1  2  0  1/3    17:44   2:04   1:17 
Joe Labate               0  3  3   2  0   3  0  0  0  1  7/9    17:49   1:50   0:36 
Josh Archibald           0  0  0   0  0   1  1  0  0  0  0/0    11:38   0:47   0:00 
Julian Melchiori         0  1  1   2  0   0  1  3  1  0  0/0    21:19   2:48   2:36 
Pavel Kraskovsky         0  1  1   1  0   1  0  1  0  1  1/2     6:11   0:16   0:00 
Rhett Gardner            0  0  0   1  0   0  0  0  0  0  0/0     3:02   1:21   0:00 
Ryan Bourque             0  0  0   0  0   1  4  0  0  0  5/6    12:26   0:00   1:17 
Ryan Hartman             2  0  2  -1  0   3  1  1  0  0  14/30  25:42   3:06   2:47 
Scott Glennie            1  1  2   2  0   2  0  0  1  0  1/1    16:08   2:01   0:00 
Slater Koekkoek          0  0  0   2  0   1  0  3  0  1  0/0    21:10   2:48   2:27 

3 Stars

1 - James Sheppard (BRI)
2 - Scott Glennie (BRI)
3 - Joe Labate (BRI)

Power Play

Rocket - 0 on 3 Attempt(s) - 0.00%
Sound Tigers - 1 on 4 Attempt(s) - 25.00%

Penalty Kill

Rocket - 3 on 4 Attempt(s) - 75.00% - Score 0 goal in Penalty Kill
Sound Tigers - 3 on 3 Attempt(s) - 100.00% - Score 0 goal in Penalty Kill

Team Stat

Rocket - Hits : 33 - Faceoff Wins : 24 - Blocked Shots : 11 - Penalty Minutes : 8
Sound Tigers - Hits : 18 - Faceoff Wins : 30 - Blocked Shots : 13 - Penalty Minutes : 6

Official

Referees : Corey Syvret and Conor O'Donnell
Linesman : Vaughan Rody and Trent Knorr

Game Notes

Dylan DeMelo is injured at 2:28 of 1st period (Bruised Right Foot)

Finance

Level 1 -- Attendance: 1687 (84.35%) -- Ticket Income $59,045
Level 2 -- Attendance: 1000 (100.00%) -- Ticket Income $15,000
Total Attendance: 2687 (89.57%)
Total Ticket Income: $74,045
Other Income: $3,702
Total Income: $77,747

Rocket

5 vs 5 Forward 
   Center                   Left Wing                Right Wing               Time % Phy DF OF 
 1 Corey Trivino            Adrian Kempe             Danton Heinen            40     0   1  4  
 2 Peter Holland            Brandon Pirri            Mattias Tedenby          30     0   1  4  
 3 Dominic Turgeon          Jakub Vrana              Ty Rattie                20     0   2  3  
 4 Karson Kuhlman           Sergey Tolchinsky        Kole Sherwood            10     0   2  3  

5 vs 5 Defense 
   Defense                  Defense                                           Time % Phy DF OF 
 1 Viktor Loov              Dean Kukan                                        40     1   2  2  
 2 Dylan DeMelo             Adam Fox                                          30     1   2  2  
 3 Andrei Mironov           Andrey Pedan                                      20     1   2  2  
 4 Andrei Mironov           Dylan DeMelo                                      10     1   2  2  

PowerPlay Forward 
   Center                   Left Wing                Right Wing               Time % Phy DF OF 
 1 Corey Trivino            Adrian Kempe             Danton Heinen            60     1   2  2  
 2 Peter Holland            Brandon Pirri            Mattias Tedenby          40     1   2  2  

PowerPlay Defense
   Defense                  Defense                                           Time % Phy DF OF 
 1 Viktor Loov              Adam Fox                                          60     1   2  2  
 2 Dylan DeMelo             Andrey Pedan                                      40     1   2  2  

Penalty Kill 4 Players Forward 
   Center                   Wing                     Time % Phy DF OF 
 1 Dominic Turgeon          Ty Rattie                60     1   2  2  
 2 Karson Kuhlman           Jakub Vrana              40     1   2  2  

Penalty Kill 4 Players Defense
   Defense                  Defense                  Time % Phy DF OF 
 1 Andrei Mironov           Dylan DeMelo             60     1   2  2  
 2 Viktor Loov              Adam Fox                 40     1   2  2  

Penalty Kill - 3 Players Forward 
   Forward                                           Time % Phy DF OF 
 1 Dominic Turgeon                                   60     1   2  2  
 2 Peter Holland                                     40     1   2  2  

Penalty Kill - 3 Players Defense
   Defense                  Defense                  Time % Phy DF OF 
 1 Viktor Loov              Dean Kukan               60     1   2  2  
 2 Dylan DeMelo             Andrey Pedan             40     1   2  2  

4 vs 4 Forward 
   Center                   Wing                     Time % Phy DF OF 
 1 Corey Trivino            Mattias Tedenby          60     1   2  2  
 2 Brandon Pirri            Adrian Kempe             40     1   2  2  

4 vs 4 Defense
   Defense                  Defense                  Time % Phy DF OF 
 1 Viktor Loov              Dean Kukan               60     1   2  2  
 2 Dylan DeMelo             Andrey Pedan             40     1   2  2  

Last Minutes Offensive
   Center                   Left Wing                Right Wing               Defense                  Defense                  
   Corey Trivino            Brandon Pirri            Mattias Tedenby          Viktor Loov              Dean Kukan               

Last Minutes Defensive
   Center                   Left Wing                Right Wing               Defense                  Defense                  
   Corey Trivino            Brandon Pirri            Mattias Tedenby          Viktor Loov              Dean Kukan               

Goaltenders
Starting : Igor Shesterkin          
Backup : Jean-Francois Berube     

Extra Forwards
Normal : Danton Heinen, Adrian Kempe, Mattias Tedenby - PP : Danton Heinen, Adrian Kempe - PK : Dominic Turgeon
Extra Defensemen
Normal : Andrei Mironov, Adam Fox, Dylan DeMelo - PP : Viktor Loov - PK : Andrei Mironov, Dylan DeMelo
Penalty Shots
Corey Trivino, Mattias Tedenby, Brandon Pirri, Adrian Kempe, Danton Heinen

Scratches
Daniel Sprong (Healthy), Guillaume Brisebois (Healthy), Jack Glover (Healthy), Mason Appleton (Healthy), Ryan Collins (Healthy)
Tyler Lewington (Healthy), Luke Kunin (Healthy), Mikhail Maltsev (Healthy), Blake Hillman (Healthy)

Sound Tigers

5 vs 5 Forward 
   Center                   Left Wing                Right Wing               Time % Phy DF OF 
 1 Ryan Hartman             Alex Tuch                Borna Rendulic           40     1   2  2  
 2 Joe Labate               James Sheppard           Scott Glennie            30     1   2  2  
 3 Ryan Bourque             Garret Ross              Josh Archibald           20     1   2  2  
 4 Pavel Kraskovsky         Ben Thomson              Ryan Hartman             10     1   2  2  

5 vs 5 Defense 
   Defense                  Defense                                           Time % Phy DF OF 
 1 Connor Murphy            Dylan McIlrath                                    40     1   2  2  
 2 Julian Melchiori         Slater Koekkoek                                   30     1   2  2  
 3 Gabriel Carlsson         Alexander Yelesin                                 20     1   2  2  
 4 Connor Murphy            Dylan McIlrath                                    10     1   2  2  

PowerPlay Forward 
   Center                   Left Wing                Right Wing               Time % Phy DF OF 
 1 Ryan Hartman             Alex Tuch                Borna Rendulic           60     1   2  2  
 2 Joe Labate               James Sheppard           Scott Glennie            40     1   2  2  

PowerPlay Defense
   Defense                  Defense                                           Time % Phy DF OF 
 1 Connor Murphy            Dylan McIlrath                                    60     1   2  2  
 2 Julian Melchiori         Slater Koekkoek                                   40     1   2  2  

Penalty Kill 4 Players Forward 
   Center                   Wing                     Time % Phy DF OF 
 1 Ryan Hartman             Alex Tuch                60     1   2  2  
 2 James Sheppard           Garret Ross              40     1   2  2  

Penalty Kill 4 Players Defense
   Defense                  Defense                  Time % Phy DF OF 
 1 Connor Murphy            Dylan McIlrath           60     1   2  2  
 2 Julian Melchiori         Slater Koekkoek          40     1   2  2  

Penalty Kill - 3 Players Forward 
   Forward                                           Time % Phy DF OF 
 1 Ryan Hartman                                      60     1   2  2  
 2 Alex Tuch                                         40     1   2  2  

Penalty Kill - 3 Players Defense
   Defense                  Defense                  Time % Phy DF OF 
 1 Connor Murphy            Dylan McIlrath           60     1   2  2  
 2 Julian Melchiori         Slater Koekkoek          40     1   2  2  

4 vs 4 Forward 
   Center                   Wing                     Time % Phy DF OF 
 1 Ryan Hartman             Alex Tuch                60     1   2  2  
 2 James Sheppard           Garret Ross              40     1   2  2  

4 vs 4 Defense
   Defense                  Defense                  Time % Phy DF OF 
 1 Connor Murphy            Dylan McIlrath           60     1   2  2  
 2 Julian Melchiori         Slater Koekkoek          40     1   2  2  

Last Minutes Offensive
   Center                   Left Wing                Right Wing               Defense                  Defense                  
   Ryan Hartman             Alex Tuch                Borna Rendulic           Connor Murphy            Dylan McIlrath           

Last Minutes Defensive
   Center                   Left Wing                Right Wing               Defense                  Defense                  
   Ryan Hartman             Alex Tuch                Borna Rendulic           Connor Murphy            Dylan McIlrath           

Goaltenders
Starting : Pavel Francouz           
Backup : Sean Maguire             

Extra Forwards
Normal : Rhett Gardner, Ben Thomson, Ryan Bourque - PP : Rhett Gardner, Ben Thomson - PK : Ryan Bourque
Extra Defensemen
Normal : Gabriel Carlsson, Alexander Yelesin, Julian Melchiori - PP : Gabriel Carlsson - PK : Alexander Yelesin, Julian Melchiori
Penalty Shots
Ryan Hartman, Alex Tuch, James Sheppard, Garret Ross, Borna Rendulic

Scratches
Ben Johnson (Healthy), Blake Speers (Healthy), Brad Ross (Healthy), David Broll (Healthy), James Livingstone (Left Forearm Injury)
Tyrell Goulbourne (Healthy), Garret Pilon (Healthy), Brandon Gignac (Healthy), Casey Staum (Healthy), Chris Driedger (Healthy)

% Time on Ice - Rocket

Lines # - Real PCT - Wanted PCT - Time Play
Normal Forward
1 - 34% - 40% - 16:13
2 - 30% - 30% - 14:26
3 - 20% - 20% - 9:34
4 - 16% - 10% - 7:40
Normal Defense
1 - 35% - 40% - 16:40
2 - 40% - 30% - 19:08
3 - 11% - 20% - 5:29
4 - 14% - 10% - 6:36
PP Forward
1 - 53% - 60% - 3:10
2 - 47% - 40% - 2:47
PP Defense
1 - 51% - 60% - 3:03
2 - 49% - 40% - 2:54
PK Forward
1 - 74% - 60% - 4:32
2 - 26% - 40% - 1:38
PK Defense
1 - 59% - 60% - 3:37
2 - 41% - 40% - 2:33
PK3 Forward
1 - 0% - 60%
2 - 0% - 40%
PK3 Defense
1 - 0% - 60%
2 - 0% - 40%
44 Forward
1 - 0% - 60%
2 - 0% - 40%
44 Defense
1 - 0% - 60%
2 - 0% - 40%
Last Minute Offensive  - 0:00
Last Minute Defensive  - 0:00
Total
Forward - 60:00
Defense - 60:00

% Time on Ice - Sound Tigers

Lines # - Real PCT - Wanted PCT - Time Play
Normal Forward
1 - 34% - 40% - 16:26
2 - 30% - 30% - 14:23
3 - 23% - 20% - 11:09
4 - 12% - 10% - 5:55
Normal Defense
1 - 37% - 40% - 17:45
2 - 33% - 30% - 15:55
3 - 25% - 20% - 11:44
4 - 5% - 10% - 2:29
PP Forward
1 - 66% - 60% - 4:06
2 - 34% - 40% - 2:04
PP Defense
1 - 55% - 60% - 3:22
2 - 45% - 40% - 2:48
PK Forward
1 - 78% - 60% - 4:40
2 - 22% - 40% - 1:17
PK Defense
1 - 59% - 60% - 3:30
2 - 41% - 40% - 2:27
PK3 Forward
1 - 0% - 60%
2 - 0% - 40%
PK3 Defense
1 - 0% - 60%
2 - 0% - 40%
44 Forward
1 - 0% - 60%
2 - 0% - 40%
44 Defense
1 - 0% - 60%
2 - 0% - 40%
Last Minute Offensive  - 0:00
Last Minute Defensive  - 0:00
Total
Forward - 60:00
Defense - 60:00

Play-by-Play

1st period


0:01 of 1st period - Corey Trivino wins face-off versus Ryan Hartman in neutral zone.
0:52 of 1st period - Slapshot by Ty Rattie.
0:52 of 1st period - Shot Blocked by Julian Melchiori.
0:56 of 1st period - Wrist shot by Ty Rattie.
0:56 of 1st period - Stopped by Pavel Francouz with a rebound.
1:00 of 1st period - Snap shot by Jakub Vrana.
1:00 of 1st period - Deflect By Ty Rattie.
1:00 of 1st period - Shot Blocked by Slater Koekkoek.
1:00 of 1st period - Puck is out of play.
1:01 of 1st period - Sergey Tolchinsky wins face-off versus Pavel Kraskovsky in Sound Tigers zone.
1:04 of 1st period - Snap shot by Sergey Tolchinsky.
1:04 of 1st period - Shot Misses the Net.
1:31 of 1st period - Snap shot by James Sheppard.
1:31 of 1st period - Stopped by Igor Shesterkin with a rebound.
1:33 of 1st period - Wrist shot by James Sheppard.
1:33 of 1st period - Stopped by Igor Shesterkin without a rebound.
1:34 of 1st period - Ryan Hartman wins face-off versus Peter Holland in Rocket zone.
2:01 of 1st period - Wrist shot by Joe Labate.
2:01 of 1st period - Stopped by Igor Shesterkin without a rebound.
2:02 of 1st period - Joe Labate wins face-off versus Corey Trivino in Rocket zone.
2:27 of 1st period - Dylan DeMelo is hit by Ryan Bourque and loses puck.
2:28 of 1st period - Dylan DeMelo from Rocket is injured at 2:28 of 1st period (Bruised Right Foot).
2:29 of 1st period - Dominic Turgeon wins face-off versus Ryan Hartman in Rocket zone.
3:03 of 1st period - Wrist shot by Adrian Kempe.
3:03 of 1st period - Stopped by Pavel Francouz with a rebound.
3:08 of 1st period - Icing by Garret Ross.
3:09 of 1st period - Ryan Bourque wins face-off versus Mattias Tedenby in Sound Tigers zone.
3:43 of 1st period - Snap shot by Ryan Hartman.
3:43 of 1st period - Stopped by Igor Shesterkin with a rebound.
3:45 of 1st period - Backhand shot by Gabriel Carlsson.
3:45 of 1st period - Stopped by Igor Shesterkin with a rebound.
3:47 of 1st period - Slapshot by Gabriel Carlsson.
3:47 of 1st period - Stopped by Igor Shesterkin without a rebound.
3:48 of 1st period - Danton Heinen wins face-off versus James Sheppard in Rocket zone.
4:13 of 1st period - Andrey Pedan is hit by Borna Rendulic and loses puck.
4:38 of 1st period - Julian Melchiori is hit by Mattias Tedenby and loses puck.
4:45 of 1st period - Wrist shot by Garret Ross.
4:45 of 1st period - Deflect By Ryan Bourque.
4:45 of 1st period - Shot Misses the Net.
4:45 of 1st period - Puck is out of play.
4:46 of 1st period - Pavel Kraskovsky wins face-off versus Corey Trivino in Rocket zone.
4:51 of 1st period - Wrist shot by Pavel Kraskovsky.
4:51 of 1st period - Stopped by Igor Shesterkin without a rebound.
4:52 of 1st period - Corey Trivino wins face-off versus Ben Thomson in Rocket zone.
5:08 of 1st period - Connor Murphy is hit by Danton Heinen and loses puck.
6:01 of 1st period - Wrist shot by Ryan Hartman.
6:01 of 1st period - Shot Blocked by Adam Fox.
6:03 of 1st period - Slapshot by Dylan McIlrath.
6:03 of 1st period - Stopped by Igor Shesterkin with a rebound.
6:05 of 1st period - Slapshot by Dylan McIlrath.
6:05 of 1st period - Shot Misses the Net.
6:13 of 1st period - Snap shot by Ryan Hartman.
6:13 of 1st period - Goal by Ryan Hartman - Rocket : 0 - Sound Tigers : 1.
6:14 of 1st period - Joe Labate wins face-off versus Dominic Turgeon in neutral zone.
6:17 of 1st period - Slapshot by Connor Murphy.
6:17 of 1st period - Shot Blocked by Dean Kukan.
6:45 of 1st period - Wrist shot by Garret Ross.
6:45 of 1st period - Shot Hit the Post.
6:47 of 1st period - Slapshot by Slater Koekkoek.
6:47 of 1st period - Shot Misses the Net.
6:49 of 1st period - Slapshot by Slater Koekkoek.
6:49 of 1st period - Stopped by Igor Shesterkin without a rebound.
6:50 of 1st period - Joe Labate wins face-off versus Dominic Turgeon in Rocket zone.
7:09 of 1st period - Adam Fox is hit by James Sheppard and loses puck.
7:38 of 1st period - Icing by Connor Murphy.
7:39 of 1st period - Borna Rendulic wins face-off versus Karson Kuhlman in Sound Tigers zone.
7:46 of 1st period - Wrist shot by Alex Tuch.
7:46 of 1st period - Shot Blocked by Viktor Loov.
7:48 of 1st period - Slapshot by Dylan McIlrath.
7:48 of 1st period - Shot Blocked by Sergey Tolchinsky.
7:50 of 1st period - Slapshot by Connor Murphy.
7:50 of 1st period - Stopped by Igor Shesterkin without a rebound.
7:51 of 1st period - Peter Holland wins face-off versus Ryan Hartman in Rocket zone.
8:16 of 1st period - Scott Glennie is hit by Danton Heinen.
8:45 of 1st period - Garret Ross is hit by Adam Fox and loses puck.
8:52 of 1st period - Connor Murphy is hit by Karson Kuhlman.
9:02 of 1st period - Ryan Hartman is hit by Jakub Vrana and loses puck.
9:42 of 1st period - Dean Kukan is hit by Ryan Bourque and loses puck.
10:25 of 1st period - Icing by Brandon Pirri.
10:26 of 1st period - Peter Holland wins face-off versus Ryan Hartman in Rocket zone.
10:33 of 1st period - Snap shot by Mattias Tedenby.
10:33 of 1st period - Shot Hit the Post.
10:35 of 1st period - Wrist shot by Dean Kukan.
10:35 of 1st period - Shot Misses the Net.
10:37 of 1st period - Wrist shot by Peter Holland.
10:37 of 1st period - Shot Misses the Net.
10:41 of 1st period - Wrist shot by Mattias Tedenby.
10:41 of 1st period - Goal by Mattias Tedenby - Rocket : 1 - Sound Tigers : 1.
10:42 of 1st period - Corey Trivino wins face-off versus Ryan Hartman in neutral zone.
10:46 of 1st period - Slapshot by Adrian Kempe.
10:46 of 1st period - Stopped by Pavel Francouz with a rebound.
10:48 of 1st period - Wrist shot by Corey Trivino.
10:48 of 1st period - Shot Misses the Net.
10:50 of 1st period - Slapshot by Andrei Mironov.
10:50 of 1st period - Shot Blocked by Ryan Hartman.
11:37 of 1st period - Snap shot by Ty Rattie.
11:37 of 1st period - Shot Misses the Net.
11:39 of 1st period - Wrist shot by Ty Rattie.
11:39 of 1st period - Shot Misses the Net.
11:41 of 1st period - Snap shot by Ty Rattie.
11:41 of 1st period - Shot Blocked by Slater Koekkoek.
12:03 of 1st period - Snap shot by Garret Ross.
12:03 of 1st period - Stopped by Igor Shesterkin without a rebound.
12:04 of 1st period - Peter Holland wins face-off versus Ryan Hartman in Rocket zone.
12:09 of 1st period - Slapshot by Mattias Tedenby.
12:09 of 1st period - Goal by Mattias Tedenby - Rocket : 2 - Sound Tigers : 1.
12:10 of 1st period - Corey Trivino wins face-off versus Ryan Hartman in neutral zone.
12:35 of 1st period - Wrist shot by Joe Labate.
12:35 of 1st period - Stopped by Igor Shesterkin with a rebound.
12:57 of 1st period - Ty Rattie is hit by Garret Ross and loses puck.
13:14 of 1st period - Borna Rendulic is hit by Corey Trivino and loses puck.
13:21 of 1st period - Snap shot by Ryan Hartman.
13:21 of 1st period - Shot Misses the Net.
13:23 of 1st period - Slapshot by Connor Murphy.
13:23 of 1st period - Stopped by Igor Shesterkin without a rebound.
13:24 of 1st period - Scott Glennie wins face-off versus Peter Holland in Rocket zone.
13:31 of 1st period - Snap shot by James Sheppard.
13:31 of 1st period - Stopped by Igor Shesterkin with a rebound.
13:33 of 1st period - Snap shot by James Sheppard.
13:33 of 1st period - Goal by James Sheppard - Rocket : 2 - Sound Tigers : 2.
13:34 of 1st period - Ryan Hartman wins face-off versus Corey Trivino in neutral zone.
14:00 of 1st period - Connor Murphy is hit by Viktor Loov and loses puck.
14:21 of 1st period - Andrei Mironov is hit by Ryan Bourque and loses puck.
14:48 of 1st period - Snap shot by Karson Kuhlman.
14:48 of 1st period - Shot Misses the Net.
14:50 of 1st period - Wrist shot by Sergey Tolchinsky.
14:50 of 1st period - Shot Misses the Net.
14:52 of 1st period - Slapshot by Andrey Pedan.
14:52 of 1st period - Shot Blocked by Ben Thomson.
15:37 of 1st period - Wrist shot by Mattias Tedenby.
15:37 of 1st period - Shot Blocked by Julian Melchiori.
15:43 of 1st period - Andrey Pedan is hit by Garret Ross and loses puck.
15:54 of 1st period - Jakub Vrana is hit by Alex Tuch and loses puck.
18:17 of 1st period - Josh Archibald is hit by Andrei Mironov and loses puck.
18:38 of 1st period - Karson Kuhlman is hit by Borna Rendulic and loses puck.
18:45 of 1st period - Wrist shot by Borna Rendulic.
18:45 of 1st period - Shot Blocked by Andrei Mironov.
18:47 of 1st period - Wrist shot by Alex Tuch.
18:47 of 1st period - Goal by Alex Tuch - Rocket : 2 - Sound Tigers : 3.
18:48 of 1st period - Corey Trivino wins face-off versus Ryan Hartman in neutral zone.
18:51 of 1st period - Snap shot by Adrian Kempe.
18:51 of 1st period - Stopped by Pavel Francouz without a rebound.
18:52 of 1st period - Ryan Hartman wins face-off versus Corey Trivino in Sound Tigers zone.
19:04 of 1st period - Backhand shot by Borna Rendulic.
19:04 of 1st period - Stopped by Igor Shesterkin with a rebound.
19:06 of 1st period - Snap shot by Connor Murphy.
19:06 of 1st period - Stopped by Igor Shesterkin with a rebound.
19:08 of 1st period - Slapshot by Dylan McIlrath.
19:08 of 1st period - Deflect By Adrian Kempe.
19:08 of 1st period - Stopped by Igor Shesterkin without a rebound.
19:09 of 1st period - Peter Holland wins face-off versus Joe Labate in Rocket zone.
19:38 of 1st period - Connor Murphy is hit by Viktor Loov and loses puck.
Goals for this period are 2 for Rocket vs 3 for Sound Tigers.
Shots for this period are 6 for Rocket vs 20 for Sound Tigers.

2nd period


0:01 of 2nd period - Corey Trivino wins face-off versus Borna Rendulic in neutral zone.
0:11 of 2nd period - Snap shot by Borna Rendulic.
0:11 of 2nd period - Stopped by Igor Shesterkin with a rebound.
0:27 of 2nd period - Icing by Andrey Pedan.
0:28 of 2nd period - Joe Labate wins face-off versus Peter Holland in Rocket zone.
1:18 of 2nd period - Icing by Viktor Loov.
1:19 of 2nd period - Peter Holland wins face-off versus Ryan Hartman in Rocket zone.
1:26 of 2nd period - Wrist shot by Mattias Tedenby.
1:26 of 2nd period - Stopped by Pavel Francouz with a rebound.
1:28 of 2nd period - Snap shot by Peter Holland.
1:28 of 2nd period - Shot Blocked by Gabriel Carlsson.
1:30 of 2nd period - Slapshot by Dean Kukan.
1:30 of 2nd period - Stopped by Pavel Francouz with a rebound.
1:36 of 2nd period - Wrist shot by Brandon Pirri.
1:36 of 2nd period - Deflect By Mattias Tedenby.
1:36 of 2nd period - Stopped by Pavel Francouz without a rebound.
1:37 of 2nd period - Ryan Bourque wins face-off versus Corey Trivino in Sound Tigers zone.
1:44 of 2nd period - Slapshot by Garret Ross.
1:44 of 2nd period - Stopped by Igor Shesterkin with a rebound.
2:02 of 2nd period - Jakub Vrana is hit by Alex Tuch and loses puck.
2:52 of 2nd period - Adam Fox is hit by Julian Melchiori and loses puck.
3:24 of 2nd period - Minor Penalty to Jakub Vrana for Tripping.
3:25 of 2nd period - Dominic Turgeon wins face-off versus Ryan Hartman in Rocket zone.
3:37 of 2nd period - Snap shot by Ryan Hartman.
3:37 of 2nd period - Goal by Ryan Hartman - Rocket : 2 - Sound Tigers : 4.
3:38 of 2nd period - Corey Trivino wins face-off versus Ryan Hartman in neutral zone.
3:53 of 2nd period - Icing by Viktor Loov.
3:54 of 2nd period - Corey Trivino wins face-off versus Joe Labate in Rocket zone.
4:01 of 2nd period - Backhand shot by Adrian Kempe.
4:01 of 2nd period - Shot Misses the Net.
4:19 of 2nd period - Adrian Kempe is hit by Dylan McIlrath and loses puck.
4:24 of 2nd period - Slapshot by Ryan Hartman.
4:24 of 2nd period - Shot Hit the Post.
5:05 of 2nd period - Slapshot by James Sheppard.
5:05 of 2nd period - Stopped by Igor Shesterkin with a rebound.
5:25 of 2nd period - Wrist shot by Ben Thomson.
5:25 of 2nd period - Shot Misses the Net.
5:56 of 2nd period - Alex Tuch is hit by Danton Heinen and loses puck.
6:05 of 2nd period - Slapshot by Connor Murphy.
6:05 of 2nd period - Stopped by Igor Shesterkin without a rebound.
6:06 of 2nd period - Joe Labate wins face-off versus Ty Rattie in Rocket zone.
6:17 of 2nd period - Snap shot by Ty Rattie.
6:17 of 2nd period - Shot Misses the Net.
6:19 of 2nd period - Wrist shot by Jakub Vrana.
6:19 of 2nd period - Stopped by Pavel Francouz with a rebound.
6:21 of 2nd period - Slapshot by Dean Kukan.
6:21 of 2nd period - Shot Blocked by James Sheppard.
6:44 of 2nd period - Ryan Bourque is hit by Adrian Kempe and loses puck.
7:07 of 2nd period - Adam Fox is hit by Borna Rendulic and loses puck.
7:29 of 2nd period - Off-side.
7:30 of 2nd period - Corey Trivino wins face-off versus James Sheppard in neutral zone.
7:46 of 2nd period - Slapshot by Danton Heinen.
7:46 of 2nd period - Goal by Danton Heinen - Rocket : 3 - Sound Tigers : 4.
7:47 of 2nd period - Ryan Hartman wins face-off versus Corey Trivino in neutral zone.
7:54 of 2nd period - Wrist shot by Danton Heinen.
7:54 of 2nd period - Stopped by Pavel Francouz without a rebound.
7:55 of 2nd period - Ryan Hartman wins face-off versus Corey Trivino in Sound Tigers zone.
8:23 of 2nd period - Off-side.
8:24 of 2nd period - Joe Labate wins face-off versus Brandon Pirri in neutral zone.
8:41 of 2nd period - Snap shot by Mattias Tedenby.
8:41 of 2nd period - Stopped by Pavel Francouz with a rebound.
8:43 of 2nd period - Wrist shot by Andrey Pedan.
8:43 of 2nd period - Shot Misses the Net.
8:45 of 2nd period - Slapshot by Andrei Mironov.
8:45 of 2nd period - Shot Misses the Net.
8:47 of 2nd period - Snap shot by Peter Holland.
8:47 of 2nd period - Stopped by Pavel Francouz with a rebound.
8:49 of 2nd period - Slapshot by Andrei Mironov.
8:49 of 2nd period - Stopped by Pavel Francouz with a rebound.
8:51 of 2nd period - Snap shot by Brandon Pirri.
8:51 of 2nd period - Shot Misses the Net.
9:13 of 2nd period - Snap shot by Peter Holland.
9:13 of 2nd period - Stopped by Pavel Francouz with a rebound.
9:15 of 2nd period - Slapshot by Dean Kukan.
9:15 of 2nd period - Shot Blocked by Slater Koekkoek.
9:17 of 2nd period - Snap shot by Dean Kukan.
9:17 of 2nd period - Shot Blocked by Julian Melchiori.
9:25 of 2nd period - Snap shot by Mattias Tedenby.
9:25 of 2nd period - Shot Misses the Net.
9:51 of 2nd period - Snap shot by James Sheppard.
9:51 of 2nd period - Shot Misses the Net.
9:53 of 2nd period - Snap shot by Joe Labate.
9:53 of 2nd period - Shot Blocked by Adam Fox.
9:55 of 2nd period - Snap shot by James Sheppard.
9:55 of 2nd period - Shot Misses the Net.
9:57 of 2nd period - Snap shot by James Sheppard.
9:57 of 2nd period - Stopped by Igor Shesterkin with a rebound.
10:01 of 2nd period - Wrist shot by James Sheppard.
10:01 of 2nd period - Shot Misses the Net.
10:03 of 2nd period - Snap shot by Gabriel Carlsson.
10:03 of 2nd period - Shot Misses the Net.
10:05 of 2nd period - Backhand shot by Joe Labate.
10:05 of 2nd period - Shot Blocked by Adam Fox.
10:13 of 2nd period - Snap shot by Scott Glennie.
10:13 of 2nd period - Shot Misses the Net.
10:15 of 2nd period - Slapshot by Gabriel Carlsson.
10:15 of 2nd period - Shot Blocked by Adam Fox.
10:17 of 2nd period - Slapshot by Alexander Yelesin.
10:17 of 2nd period - Deflect By Joe Labate.
10:17 of 2nd period - Stopped by Igor Shesterkin with a rebound.
10:19 of 2nd period - Slapshot by Alexander Yelesin.
10:19 of 2nd period - Stopped by Igor Shesterkin with a rebound.
10:21 of 2nd period - Snap shot by Joe Labate.
10:21 of 2nd period - Shot Misses the Net.
10:23 of 2nd period - Slapshot by James Sheppard.
10:23 of 2nd period - Shot Misses the Net.
10:25 of 2nd period - Snap shot by Scott Glennie.
10:25 of 2nd period - Stopped by Igor Shesterkin without a rebound.
10:26 of 2nd period - Ryan Hartman wins face-off versus Corey Trivino in Rocket zone.
10:27 of 2nd period - Slapshot by Alex Tuch.
10:27 of 2nd period - Shot Misses the Net.
10:29 of 2nd period - Snap shot by Connor Murphy.
10:29 of 2nd period - Stopped by Igor Shesterkin without a rebound.
10:30 of 2nd period - Ryan Hartman wins face-off versus Corey Trivino in Rocket zone.
10:51 of 2nd period - Minor Penalty to Adrian Kempe for Interference.
10:52 of 2nd period - Ryan Hartman wins face-off versus Dominic Turgeon in Rocket zone.
11:47 of 2nd period - Snap shot by Josh Archibald.
11:47 of 2nd period - Stopped by Igor Shesterkin with a rebound.
11:49 of 2nd period - Wrist shot by Connor Murphy.
11:49 of 2nd period - Shot Blocked by Viktor Loov.
12:51 of 2nd period - Penalty to Adrian Kempe is over, Adrian Kempe is back on ice.
13:35 of 2nd period - Snap shot by Mattias Tedenby.
13:35 of 2nd period - Stopped by Pavel Francouz with a rebound.
14:05 of 2nd period - Borna Rendulic is hit by Ty Rattie.
14:09 of 2nd period - Alex Tuch is hit by Ty Rattie and loses puck.
14:29 of 2nd period - Joe Labate is hit by Andrey Pedan and loses puck.
14:59 of 2nd period - Ben Thomson is hit by Dean Kukan and loses puck.
15:04 of 2nd period - Snap shot by Mattias Tedenby.
15:04 of 2nd period - Stopped by Pavel Francouz with a rebound.
15:06 of 2nd period - Snap shot by Peter Holland.
15:06 of 2nd period - Shot Blocked by Pavel Kraskovsky.
15:27 of 2nd period - Alex Tuch is hit by Kole Sherwood.
16:51 of 2nd period - Slater Koekkoek is hit by Ty Rattie and loses puck.
18:06 of 2nd period - Pavel Kraskovsky is hit by Sergey Tolchinsky.
18:16 of 2nd period - Viktor Loov is hit by Ryan Bourque and loses puck.
18:27 of 2nd period - Icing by Dylan McIlrath.
18:28 of 2nd period - Corey Trivino wins face-off versus Ryan Bourque in Sound Tigers zone.
18:39 of 2nd period - Wrist shot by Sergey Tolchinsky.
18:39 of 2nd period - Shot Misses the Net.
18:41 of 2nd period - Slapshot by Kole Sherwood.
18:41 of 2nd period - Stopped by Pavel Francouz with a rebound.
18:43 of 2nd period - Slapshot by Andrey Pedan.
18:43 of 2nd period - Shot Misses the Net.
18:57 of 2nd period - James Sheppard is hit by Andrey Pedan and loses puck.
19:16 of 2nd period - Wrist shot by Mattias Tedenby.
19:16 of 2nd period - Shot Blocked by Alex Tuch.
19:36 of 2nd period - Snap shot by Adrian Kempe.
19:36 of 2nd period - Shot Misses the Net.
19:38 of 2nd period - Slapshot by Andrey Pedan.
19:38 of 2nd period - Shot Misses the Net.
19:50 of 2nd period - Slapshot by Adam Fox.
19:50 of 2nd period - Stopped by Pavel Francouz with a rebound.
Goals for this period are 1 for Rocket vs 1 for Sound Tigers.
Shots for this period are 14 for Rocket vs 11 for Sound Tigers.

3rd period


0:01 of 3rd period - Danton Heinen wins face-off versus Ryan Hartman in neutral zone.
0:22 of 3rd period - Minor Penalty to Borna Rendulic for Diving.
0:23 of 3rd period - Ryan Hartman wins face-off versus Corey Trivino in Sound Tigers zone.
1:30 of 3rd period - Julian Melchiori is hit by Danton Heinen and loses puck.
2:22 of 3rd period - Penalty to Borna Rendulic is over, Borna Rendulic is back on ice.
2:37 of 3rd period - Joe Labate is hit by Dean Kukan and loses puck.
2:42 of 3rd period - Alexander Yelesin is hit by Karson Kuhlman and loses puck.
3:03 of 3rd period - Joe Labate is hit by Adam Fox and loses puck.
3:18 of 3rd period - Connor Murphy is hit by Kole Sherwood and loses puck.
3:31 of 3rd period - Snap shot by Garret Ross.
3:31 of 3rd period - Deflect By Ryan Bourque.
3:31 of 3rd period - Stopped by Igor Shesterkin without a rebound.
3:32 of 3rd period - Ryan Bourque wins face-off versus Dominic Turgeon in Rocket zone.
3:40 of 3rd period - Minor Penalty to Adam Fox for Charging.
3:41 of 3rd period - Ryan Hartman wins face-off versus Dominic Turgeon in Rocket zone.
4:38 of 3rd period - Gabriel Carlsson is hit by Andrei Mironov and loses puck.
5:40 of 3rd period - Penalty to Adam Fox is over, Adam Fox is back on ice.
6:16 of 3rd period - Minor Penalty to Kole Sherwood for High sticking.
6:17 of 3rd period - Dominic Turgeon wins face-off versus Ryan Hartman in Rocket zone.
6:17 of 3rd period - Dominic Turgeon is hit by Ryan Hartman.
6:27 of 3rd period - Ryan Hartman is hit by Ty Rattie and loses puck.
8:16 of 3rd period - Penalty to Kole Sherwood is over, Kole Sherwood is back on ice.
8:27 of 3rd period - Garret Ross is hit by Adam Fox and loses puck.
8:34 of 3rd period - Josh Archibald is hit by Peter Holland and loses puck.
8:42 of 3rd period - Icing by Josh Archibald.
8:43 of 3rd period - Ryan Bourque wins face-off versus Corey Trivino in Sound Tigers zone.
9:27 of 3rd period - Wrist shot by Ty Rattie.
9:27 of 3rd period - Stopped by Pavel Francouz without a rebound.
9:28 of 3rd period - Dominic Turgeon wins face-off versus Ryan Hartman in Sound Tigers zone.
9:31 of 3rd period - Slapshot by Jakub Vrana.
9:31 of 3rd period - Stopped by Pavel Francouz without a rebound.
9:32 of 3rd period - Corey Trivino wins face-off versus Ryan Hartman in Sound Tigers zone.
9:47 of 3rd period - Wrist shot by Adrian Kempe.
9:47 of 3rd period - Stopped by Pavel Francouz with a rebound.
10:01 of 3rd period - Backhand shot by James Sheppard.
10:01 of 3rd period - Shot Misses the Net.
10:09 of 3rd period - Wrist shot by James Sheppard.
10:09 of 3rd period - Shot Blocked by Brandon Pirri.
10:30 of 3rd period - Jakub Vrana is hit by Josh Archibald and loses puck.
10:53 of 3rd period - Snap shot by Danton Heinen.
10:53 of 3rd period - Shot Blocked by Connor Murphy.
10:55 of 3rd period - Slapshot by Adam Fox.
10:55 of 3rd period - Deflect By Dylan McIlrath.
10:55 of 3rd period - Stopped by Pavel Francouz with a rebound.
11:01 of 3rd period - Minor Penalty to Dylan McIlrath for Hooking.
11:02 of 3rd period - Ryan Hartman wins face-off versus Corey Trivino in Sound Tigers zone.
11:38 of 3rd period - Alexander Yelesin is hit by Brandon Pirri and loses puck.
12:54 of 3rd period - Alexander Yelesin is hit by Adrian Kempe and loses puck.
13:01 of 3rd period - Penalty to Dylan McIlrath is over, Dylan McIlrath is back on ice.
13:13 of 3rd period - Wrist shot by Sergey Tolchinsky.
13:13 of 3rd period - Stopped by Pavel Francouz without a rebound.
13:14 of 3rd period - James Sheppard wins face-off versus Karson Kuhlman in Sound Tigers zone.
13:30 of 3rd period - Wrist shot by James Sheppard.
13:30 of 3rd period - Goal by James Sheppard - Rocket : 3 - Sound Tigers : 5.
13:31 of 3rd period - Ryan Hartman wins face-off versus Adrian Kempe in neutral zone.
13:46 of 3rd period - Icing by Julian Melchiori.
13:47 of 3rd period - Ryan Hartman wins face-off versus Peter Holland in Sound Tigers zone.
14:21 of 3rd period - Snap shot by Joe Labate.
14:21 of 3rd period - Shot Misses the Net.
14:23 of 3rd period - Wrist shot by Scott Glennie.
14:23 of 3rd period - Goal by Scott Glennie - Rocket : 3 - Sound Tigers : 6.
14:24 of 3rd period - Corey Trivino wins face-off versus Ryan Hartman in neutral zone.
14:28 of 3rd period - Minor Penalty to Borna Rendulic for Interference.
14:29 of 3rd period - Ryan Hartman wins face-off versus Adrian Kempe in Sound Tigers zone.
16:28 of 3rd period - Penalty to Borna Rendulic is over, Borna Rendulic is back on ice.
16:29 of 3rd period - Adam Fox is hit by Garret Ross and loses puck.
16:55 of 3rd period - Wrist shot by Garret Ross.
16:55 of 3rd period - Shot Misses the Net.
16:57 of 3rd period - Slapshot by Alexander Yelesin.
16:57 of 3rd period - Deflect By Garret Ross.
16:57 of 3rd period - Shot Blocked by Dominic Turgeon.
16:57 of 3rd period - Puck is out of play.
16:58 of 3rd period - Ryan Bourque wins face-off versus Dominic Turgeon in Rocket zone.
17:09 of 3rd period - Garret Ross is hit by Dominic Turgeon and loses puck.
17:28 of 3rd period - Ryan Hartman is hit by Karson Kuhlman and loses puck.
18:09 of 3rd period - Snap shot by Borna Rendulic.
18:09 of 3rd period - Shot Misses the Net.
18:33 of 3rd period - Backhand shot by Danton Heinen.
18:33 of 3rd period - Shot Misses the Net.
18:39 of 3rd period - Danton Heinen is hit by Alex Tuch and loses puck.
18:56 of 3rd period - Wrist shot by Adrian Kempe.
18:56 of 3rd period - Stopped by Pavel Francouz with a rebound.
18:58 of 3rd period - Snap shot by Corey Trivino.
18:58 of 3rd period - Shot Misses the Net.
19:35 of 3rd period - Snap shot by Danton Heinen.
19:35 of 3rd period - Stopped by Pavel Francouz without a rebound.
19:36 of 3rd period - Joe Labate wins face-off versus Peter Holland in Sound Tigers zone.
19:51 of 3rd period - Snap shot by James Sheppard.
19:51 of 3rd period - Stopped by Igor Shesterkin with a rebound.
Goals for this period are 0 for Rocket vs 2 for Sound Tigers.
Shots for this period are 7 for Rocket vs 4 for Sound Tigers.